 Dungeon Crawl Stone Soup version 0.20.1-1-g8b1a95d (webtiles) character file.

7 Jazqa the Charmwright (level 2, -1/19 HPs)
             Began as a Halfling Skald on Oct 30, 2017.
             Slain by a hobgoblin (3 damage)
             ... on level 1 of the Dungeon.
             The game lasted 00:00:39 (196 turns).

Jazqa the Charmwright (Halfling Skald)               Turns: 196, Time: 00:00:40

Health: -1/19      AC:  3    Str: 12    XL:     2   Next: 10%
Magic:  3/4        EV: 14    Int: 11    God:
Gold:   58         SH:  0    Dex: 13    Spells: 3/4 levels left

rFire    . . .     SeeInvis .   a - +0 falchion
rCold    . . .     Gourm    .   (shield restricted)
rNeg     . . .     Faith    .   b - +0 leather armour
rPois    .         Spirit   .   (no helmet)
rElec    .         Reflect  .   (no cloak)
rCorr    .         Harm     .   (no gloves)
MR       .....                  (no boots)
Stlth    +.........             (no amulet)
Regen    0.1/turn               (no ring)
MPRegen  0.1/turn               (no ring)

@: infused (expiring)
A: mutation resistance 1
a: no special abilities


You were on level 1 of the Dungeon.
You were not hungry.

You visited 1 branch of the dungeon, and saw 1 of its levels.

You collected 58 gold pieces.


Innate Abilities, Weirdness & Mutations

You are small and have problems with some larger weapons.
You are somewhat resistant to further mutation.


   Skills:
 + Level 2.1 Fighting
 + Level 2.3 Long Blades
 - Level 1.1 Armour
 - Level 2.1 Dodging
 - Level 1.5 Spellcasting
 - Level 3.2 Charms


You had 3 spell levels left.
You knew the following spells:

 Your Spells              Type           Power        Failure   Level  Hunger
o - Infusion              Chrm           #...         10%         1    ##.....

Inventory:

Hand Weapons
 a - a +0 falchion (weapon)
Armour
 b - a +0 leather armour (worn)
Scrolls
 f - a scroll of identify {unknown}
Potions
 e - a potion of mutation {unknown}
 i - a potion of haste {unknown}
Books
 c - a book of Battle

   Spells                             Type                      Level
   a - Infusion                       Charms                       1
   b - Shroud of Golubria             Charms/Translocation         2
   c - Song of Slaying                Charms                       2
   d - Spectral Weapon                Hexes/Charms                 3
   e - Regeneration                   Charms/Necromancy            3
Comestibles
 d - 2 bread rations {@e1}
 g - 3 fruits {@e2}
 h - 2 chunks of flesh

Dungeon Overview and Level Annotations

Branches:
Dungeon (1/15)

Altars:

#..............###...
#..............######
#........#.##......#
#[.......#.##......#
#........#.##...(..#
#########.#.#...#.##......#
................#.##...(..#
..........................#
.........%g@..#...##......#
.........######...##......##
.........# #..[####)....#
###..#.### #>..###.......
.$..... #...##........
#...... #####...##........
..#..#. ........##........
....### #######.##........
... #####...........


You could see a hobgoblin.


Message History

The hobgoblin closely misses you.
You riposte.
You barely miss the hobgoblin.
The hobgoblin is heavily wounded.
You barely miss the hobgoblin.
The hobgoblin is heavily wounded.
The hobgoblin hits you.
* * * LOW HITPOINT WARNING * * *
You barely miss the hobgoblin.
The hobgoblin is heavily wounded.
The hobgoblin hits you.
* * * LOW HITPOINT WARNING * * *
You hit the hobgoblin.
You kill the hobgoblin!
A hobgoblin comes into view.
The hobgoblin shouts!
You see here a hobgoblin corpse.
You butcher the hobgoblin corpse.
You see here a chunk of flesh.
Casting: Infusion
Confirm with . or Enter, or press ? or * to list all spells.
You don't know that spell.
Casting: Infusion
Confirm with . or Enter, or press ? or * to list all spells.
Okay, then.
Casting: Infusion
Confirm with . or Enter, or press ? or * to list all spells.
You begin infusing your attacks with magical energy.
You barely miss the hobgoblin.
Your magical infusion is running out.
The hobgoblin hits you.
You die...

Skill      XL: |  1 |
---------------+----+-----
Fighting       | 2 |  2.1
Long Blades    | |  2.3
Armour         | |  1.1
Dodging        | |  2.1
Spellcasting   | |  1.5
Charms         | |  3.2

Action                   || total
-------------------------++-------
Melee: Falchion          ||    19
 Cast: Infusion          ||     1
Armor: Leather armour    ||     2
Dodge: Dodged            ||    15
       Rpst.: Falchion   ||     4

Vault maps used:
D:1:      dpeg_arrival_renting

Notes
Turn   | Place    | Note
-------+----------+-------------------------------------------
     0 | D:1      | Jazqa the Halfling Skald began the quest for the Orb.
     0 | D:1      | Reached XP level 1. HP: 14/14 MP: 3/3
   157 | D:1      | Reached skill level 2 in Fighting
   179 | D:1      | Reached XP level 2. HP: 11/19 MP: 4/4
   185 | D:1      | HP: 1/19 [hobgoblin (3)]
   196 | D:1      | Slain by a hobgoblin

Vanquished Creatures
  A bat (D:1)
  A goblin (D:1)
  2 hobgoblins (D:1)
  2 frilled lizards (D:1)
  A kobold (D:1)
7 creatures vanquished.
